AoeStats
← Skipper the II

Arabia

509846691Analyzed
1v1 RM · 5d ago on Sep 28, 2026· 39m 19s· 2 players
Game mode
Random Map
Map size
Tiny (2 player)
Population
200
Speed
Normal
Resources
Standard
Victory
Conquest
Starting age
Dark Age
Ending age
Imperial Age
RankedLock teamsTeams togetherTeam positionsShared explorationLock speedFull tech treeHidden civsTurbo modeCheats
Victory
Defeat
591
+14
🇦🇺 Franks · Australia
543
-14
Skipper the II
9:43 Feudal Age
11:13 Wheelbarrow
10:27 Double-Bit Axe
11:03 Town Watch
11:03 Loom
23:48 Castle Age
22:12 Scale Barding Armor
22:08 Scale Mail Armor
21:59 Fletching
24:05 Forging
23:56 Padded Archer Armor
24:38 Town Patrol
24:55 Hand Cart
25:22 Bow Saw
27:26 Husbandry
29:44 Gold Mining
29:44 Stone Mining
31:39 Gold Shaft Mining
35:32 Imperial Age
34:33 Iron Casting
34:14 Chain Mail Armor
34:19 Chain Barding Armor
34:35 Light Cavalry
35:13 Bodkin Arrow
35:34 Leather Archer Armor
35:20 Murder Holes
35:36 Fortified Wall
35:17 Guard Tower
35:48 Ballistics
35:17 Elite Skirmisher
誰が隠さなかったとし
0:33 Loom
12:13 Feudal Age
13:49 Town Watch
13:54 Double-Bit Axe
14:04 Gold Mining
15:27 Man-at-Arms
24:59 Castle Age
25:58 Squires
25:20 Long Swordsman
25:47 Arson
28:34 Gold Shaft Mining
28:22 Bow Saw
30:47 Pikeman
33:10 Scale Mail Armor
34:20 Chain Mail Armor
34:16 Forging
34:38 Horse Collar
34:51 Stone Mining
35:06 Town Patrol
Connection lost

Rejoining the realm…

Still unreachable

The connection could not be restored.

Session expired

The server has moved on; the page needs a fresh start.